 Dungeon Sprint DCSS version 0.19.0-18-g426998a (webtiles) character file.

1015 poirepourri the Unseen (level 8, -4/36 HPs)
             Began as a Spriggan Enchanter on Nov 11, 2016.
             Was an Initiate of Dithmenos.
             Slain by a deep troll (14 damage)
             ... in the Dungeon (Sprint I: "Red Sonja").
             The game lasted 00:00:59 (552 turns).

poirepourri the Unseen (Spriggan Enchanter)          Turns: 552, Time: 00:01:00

Health: -4/36      AC:  3    Str:  4    XL:     8   Next: 1%
Magic:  21/21      EV: 24    Int: 16    God:    Dithmenos [......]
Gold:   195        SH:  0    Dex: 14    Spells: 5 memorised, 11 levels left

rFire  . . .     SeeInvis +     k - +1 short sword of Nicuer {pierce, rElec rPois Dex-5 Stlth+} (curse)
rCold  . . .     Gourm    .     b - +1 robe
rNeg   . . .     Faith    .     (shield restricted)
rPois  +         Spirit   .     (helmet restricted)
rElec  +         Reflect  .     (no cloak)
rCorr  .         Harm     .     (gloves unavailable)
MR     +....     NoTele   +     (boots unavailable)
Stlth  +++++++...               (no amulet)
                                (no ring)
                                (no ring)

@: very quick
A: unfitting armour, see invisible, herbivore 3, speed 3, slow metabolism 2
a: Renounce Religion


You were in the Dungeon.
You worshipped Dithmenos.
Dithmenos was noncommittal.
You were not hungry.

You visited 1 branch You collected 405 gold pieces.
You spent 210 gold pieces at shops.

Inventory:

Hand Weapons
 a - a +1 dagger
 k - the cursed +1 short sword of Nicuer (weapon) {pierce, rElec rPois Dex-5 Stlth+}
   (You found it in the Dungeon)

   It inflicts extra damage upon your enemies.
   It affects your dexterity (-5).
   It insulates you from electricity.
   It protects you from poison.
   It makes you more stealthy.
   It has a curse placed upon it.
 m - a +1 dagger of draining
Armour
 b - a +1 robe (worn)
Scrolls
 j - a scroll of blinking
Potions
 e - a potion of curing
 f - a potion of heal wounds
 g - a potion of haste
 h - 2 potions of magic
 i - a potion of lignification {unknown}
Books
 c - a book of Maledictions

   Spells                             Type                      Level
   a - Corona                         Hexes                        1
   b - Ensorcelled Hibernation        Hexes/Ice                    2
   c - Confuse                        Hexes                        3
   d - Tukima's Dance                 Hexes                        3
   e - Dazzling Spray                 Conjuration/Hexes            3
Comestibles
 d - 4 bread rations
 l - a royal jelly


   Skills:
 + Level 3.8 Short Blades
 + Level 9.4 Dodging
 + Level 15.4 Stealth
 + Level 8.0 Spellcasting
 + Level 12.8 Hexes


You had 11 spell levels left.
You knew the following spells:

 Your Spells              Type           Power        Failure   Level  Hunger
a - Corona                Hex            #####..      1%          1    None
b - Ensorcelled Hibernat  Hex/Ice        ####..       1%          2    None
c - Confuse               Hex            #####...     1%          3    ##.....
d - Tukima's Dance        Hex            #####...     1%          3    ##.....
e - Dazzling Spray        Conj/Hex       ####..       2%          3    ##.....


Dungeon Overview and Level Annotations

Branches:
Dungeon (1/1)

Altars:
Cheibriados
Dithmenos
Elyvilon
Fedhas
Gozag
Hepliaklqana
Kikubaaqudgha
Nemelex Xobeh
Okawaru
Qazlal
Ru
Sif Muna
Trog
Uskayaw
Vehumet
Yredelemnul
Zin
The Shining One

Shops:
D %


Innate Abilities, Weirdness & Mutations

You are very small and have problems with some larger weapons.
You are too small for most types of armour.
You have supernaturally acute eyesight. (SInv)
You are a herbivore.
You cover ground extremely quickly.
You need consume almost no food.


Message History

an uncursed blowgun; 10 curare-tipped needles; the kobold corpse of Sonja You now have 114 gold pieces (gained 27).
You now have 141 gold pieces (gained 27).
You now have 168 gold pieces (gained 27).
You now have 195 gold pieces (gained 27).
You start resting.
Magic restored.
You open the door.
A deep troll comes into view.
The deep troll shouts!
Found 108 gold pieces.
There is an open door here.
You barely miss the deep troll. The deep troll bites you!
The deep troll barely misses you. The deep troll misses you.
You hit the deep troll.
The deep troll is lightly wounded.
The deep troll misses you. The deep troll claws you!
* * * LOW HITPOINT WARNING * * *
The deep troll claws you!
You die...

#..#####'#####'#
#..####..#...#.#
#..#__####..##[#
#..#_____##'#..+
#⌠⌠#_.∩..†'..._#
####_..__##_.#'#
#_____###'#.#
#########.####+###
+...@T$.$$+
#.).####### ##.##
#+#


You could see a deep troll.

Vanquished Creatures
  Sonja (D)
  Sigmund (D)
  A yak (D)
  An ogre (D)
  A jelly (D)
  Ijyb (D)
6 creatures vanquished.

Notes
Turn   | Place    | Note
-------+----------+-------------------------------------------
     0 | D        | poirepourri the Spriggan Enchanter began the quest for the Orb.
     0 | D        | Reached XP level 1. HP: 9/9 MP: 5/5
     1 | D        | Noticed Ijyb
    18 | D        | Killed Ijyb
    18 | D        | Reached skill level 6 in Stealth
    18 | D        | Reached skill level 5 in Hexes
    18 | D        | Reached XP level 2. HP: 2/13 MP: 5/7
   326 | D        | Learned a level 2 spell: Ensorcelled Hibernation
   327 | D        | Noticed an ogre
   330 | D        | Killed an ogre
   330 | D        | Reached skill level 5 in Dodging
   330 | D        | Reached skill level 9 in Stealth
   330 | D        | Reached skill level 5 in Spellcasting
   330 | D        | Reached XP level 3. HP: 16/16 MP: 7/10
   330 | D        | Reached XP level 4. HP: 21/21 MP: 8/12
   408 | D        | Learned a level 3 spell: Confuse
   412 | D        | Learned a level 3 spell: Tukima's Dance
   416 | D        | Learned a level 3 spell: Dazzling Spray
   419 | D        | Noticed Sigmund
   422 | D        | Killed Sigmund
   422 | D        | Reached skill level 11 in Stealth
   422 | D        | Reached skill level 10 in Hexes
   422 | D        | Reached XP level 5. HP: 24/24 MP: 12/14
   422 | D        | Reached XP level 6. HP: 28/28 MP: 13/16
   437 | D        | Found a deep blue altar of Sif Muna.
   439 | D        | Found a radiant altar of Vehumet.
   443 | D        | Reached skill level 12 in Stealth
   462 | D        | Found Jaij's Food Emporium.
   462 | D        | Found an ancient bone altar of Kikubaaqudgha.
   462 | D        | Found a hazy altar of Hepliaklqana.
   462 | D        | Found a stormy altar of Qazlal.
   462 | D        | Found a hide-covered altar of Uskayaw.
   462 | D        | Found a blossoming altar of Fedhas.
   462 | D        | Found a bloodstained altar of Trog.
   462 | D        | Found an iron altar of Okawaru.
   462 | D        | Found a basalt altar of Yredelemnul.
   462 | D        | Found a glowing golden altar of the Shining One.
   462 | D        | Found a snail-covered altar of Cheibriados.
   462 | D        | Found a sacrificial altar of Ru.
   462 | D        | Found a glowing silver altar of Zin.
   462 | D        | Found a shadowy altar of Dithmenos.
   462 | D        | Found a white marble altar of Elyvilon.
   462 | D        | Noticed a yak
   463 | D        | Found an opulent altar of Gozag.
   464 | D        | Killed a yak
   464 | D        | Reached skill level 13 in Stealth
   465 | D        | Found a sparkling altar of Nemelex Xobeh.
   473 | D        | Became a worshipper of Dithmenos the Shadowed
   478 | D        | Bought a bread ration for 70 gold pieces
   478 | D        | Bought a bread ration for 70 gold pieces
   478 | D        | Bought a bread ration for 70 gold pieces
   489 | D        | Got a transparent short sword
   490 | D        | Identified the cursed +1 short sword of Nicuer {pierce, rElec rPois Dex-5 Stlth+} (You found it in the Dungeon)
   517 | D        | Noticed Sonja
   521 | D        | Killed Sonja
   521 | D        | Reached skill level 15 in Stealth
   521 | D        | Reached XP level 7. HP: 32/32 MP: 16/19
   521 | D        | Reached XP level 8. HP: 36/36 MP: 17/21
   549 | D        | Noticed a deep troll
   552 | D        | Slain by a deep troll

Skill      XL: |  1  2  3  4  5  6 |
---------------+-------------------+-----
Dodging        | 4 5 7 9 |  9.4
Stealth        | 6 9 11 15 | 15.4
Spellcasting   | 3 5 6 8 |  8.0
Hexes          | 5 7 10 12 | 12.8
Short Blades   | 3 |  3.8

Action                   |  1- 3 |  4- 6 |  7- 9 || total
-------------------------+-------+-------+-------++-------
Melee: Dagger            |    15 |     3 |       ||    18
       Short sword       |       |     1 |     2 ||     3
  Use: Potion            |     1 |       |       ||     1
 Stab: Sleeping          |     1 |     4 |       ||     5
Armor: Robe              |     1 |       |       ||     1
Dodge: Dodged            |     2 |       |     3 ||     5
